[Event "88th Tata Steel Masters 2026"]
[White "Giri,Anish"]
[Black "Nguyen,Thai Dai Van"]
[Site "Wijk aan Zee"]
[Round "6.6"]
[Annotator "TA"]
[Result "1/2-1/2"]
[Date "2026.01.23"]
[WhiteElo "2760"]
[BlackElo "2656"]
[PlyCount "104"]
[TimeControl "60"]

1. d4 d5 2. c4 e6 3. Nf3 Nf6 4. cxd5 exd5 5. Nc3 h6 6. Bf4 {[%emt 0:0:0] D35: Queen's Gambit Declined: Exchange Variation.} Bd6 7. Bxd6 Qxd6 8. e3 Bf5 9. Ne5 Nbd7 10. Bd3 $146 ({Predecessor:} 10. Nxd7 Qxd7 11. Bd3 O-O 12. O-O c6 13. a3 Ne8 14. Bxf5 Qxf5 15. Qf3 Qxf3 16. gxf3 {0-1 Alakhverdiev,A (2008)-Palczert,M (2299) Titled Tuesday intern op 20th Feb Early blitz 2024 (1)} )Bxd3 11. Nxd3 O-O 12. O-O c6 13. b4 a5 14. b5 Ne4 15. Nxe4 dxe4 16. bxc6 bxc6 17. Nf4 Nf6 18. Rc1 Rfb8 19. Qa4 Rb5 20. h3 Rab8 21. Rc3 Nd5 22. Nxd5 Qxd5 23. Rfc1 Rb2 24. a3 Qb5 25. Qd1 Qe2 26. Qxe2 {[%emt 0:3:58] Successful Defense White} (26. Rxc6 Qxf2+ 27. Kh2 Qxg2# )Rxe2 $14 {[%emt 0:0:32][%mdl 4096] Endgame KRR-KRR} 27. Rc5 Rbb2 28. Rf5 (28. Rxa5 Rxf2 29. Re5 (29. Ra8+ $2 Kh7 $19 )Rxg2+ 30. Kh1 Rh2+ 31. Kg1 Rbg2+ (31... Rxh3 $2 32. Re8+ Kh7 33. Rxe4 $19 )32. Kf1 Rd2 $17 )g6 29. Rf4 g5 30. Rf5 ({Reject} 30. Rxe4 Rxf2 31. Rg4 f6 $11 )Rb5 31. Rcc5 (31. Rf6 $14 {is more appropriate.} )Ra2 $11 {[%emt 0:1:8] The position is equal.} 32. Rxb5 cxb5 33. Rxb5 Rxa3 {[%emt 0:0:33] KR-KR} 34. Re5 f6 35. Re7 Kf8 36. Ra7 h5 37. g3 a4 38. h4 Ra1+ 39. Kg2 a3 40. d5 a2 41. d6 gxh4 42. Ra8+ Kf7 43. d7 Rd1 44. gxh4 Rxd7 45. Rxa2 Kg6 46. Kg3 Rd1 47. Kf4 Rh1 48. Kxe4 Rxh4+ 49. f4 Rg4 50. Ra8 h4 51. Rg8+ Kh5 52. Rh8+ Kg6 {[%emt 0:0:5] Weighted Error Value: White=0.03 (flawless) /Black=0.03 (flawless)   Mistake:       	White=1     	---        Inaccurate:     	White=2     	Black=2      OK:         	White=14    	Black=13     Best:        	---       	Black=1} 1/2-1/2

[Event "88th Tata Steel Masters 2026"]
[White "Fedoseev,Vladimir"]
[Black "Praggnanandhaa R"]
[Site "Wijk aan Zee"]
[Round "6.7"]
[Annotator "TA"]
[Result "1/2-1/2"]
[Date "2026.01.23"]
[WhiteElo "2705"]
[BlackElo "2758"]
[PlyCount "244"]
[TimeControl "60"]

1. d4 d5 2. c4 e6 3. Nf3 Nf6 4. Nc3 Nbd7 5. a3 dxc4 6. e4 {[%emt 0:0:0] D37: Queen's Gambit Declined: 5 Bf4.} b5 7. Nxb5 $146 {[%emt 0:0:0] [#]} ({Predecessor:} 7. e5 Nd5 8. Nxb5 N7b6 9. Be2 Be7 10. O-O Qd7 11. a4 a5 12. Qc2 Ba6 13. Qe4 Nxa4 14. Rxa4 Bxb5 {0-1 Urazayev,A (2471)-Le,Q (2731) Titled Tuesday intern op 09th Apr Late blitz 2024 (6)} )Nxe4 8. Bxc4 {[%emt 0:0:0] and Qc2 would now be decisive. White has an edge.} c6 9. Nc3 Nxc3 10. bxc3 Qa5 11. Bd2 Ba6 12. Bxa6 Qxa6 13. Qe2 Qa4 14. Ne5 Nxe5 15. Qxe5 Qc2 16. Ke2 Rd8 17. Rhb1 Qg6 18. Qg3 Bd6 19. Qxg6 hxg6 20. h3 Rd7 {[%emt 0:1:4] Against Rb7} 21. a4 Ke7 22. a5 c5 23. a6 Rc8 24. Be3 cxd4 25. cxd4 Rc6 26. Rb5 Rdc7 27. Kf1 Rc2 28. Rb8 Rc8 29. Rb7+ R8c7 30. d5 Rxb7 31. axb7 $14 {[%emt 0:0:35][%mdl 4096] Endgame KRB-KRB} Rb2 32. dxe6 Rxb7 (32... Kxe6 $14 33. Rxa7 (33. Bxa7 Rxb7 34. Be3 Rb8 $11 )Bb8 )33. exf7 $16 {[%emt 0:0:43] White is more active.} (33. Bxa7 $6 f6 $11 )(33. Rxa7 Rxa7 34. Bxa7 Kxe6 $11 )Bb8 34. Ke2 Kxf7 35. Kd3 Bc7 (35... Rb3+ $142 36. Kd2 Rb5 )36. Bxa7 Bb6 37. Bxb6 Rxb6 {[%emt 0:0:33] KR-KR. White is a pawn up.} 38. Ra5 Rb2 39. Ke3 Rc2 40. Kf3 Rb2 41. Kg3 Kg8 42. Ra8+ Kh7 43. Ra4 (43. h4 )Rc2 (43... g5 $142 )44. Rh4+ Kg8 45. Rg4 Kh7 46. Rh4+ Kg8 47. Rf4 (47. Rb4 $142 )Ra2 (47... Rc5 $142 )48. Kg4 Ra5 49. Rc4 (49. h4 $142 )Ra2 (49... g5 )50. Rc8+ Kh7 51. Rf8 Rb2 52. Kh4 Ra2 53. Kg3 (53. g3 $142 )Rb2 (53... g5 $142 )54. Ra8 (54. Kg4 )Rc2 (54... g5 )55. Ra5 Rb2 56. Re5 Ra2 57. Kf3 Rb2 58. Re2 (58. g4 $142 )Rb4 59. Ke3 Ra4 60. Rd2 Rb4 61. Rd5 Rb2 62. Rd4 (62. g3 )Ra2 (62... g5 $142 )63. Rb4 (63. Rh4+ $142 Kg8 64. g3 )Kg8 (63... g5 $142 )64. Rb7 (64. Rb5 $142 )Kh7 (64... Ra5 $142 )65. Rc7 (65. Rb5 )Kg8 (65... g5 $142 )66. Rd7 (66. Rc5 $142 )Kh7 67. Rd2 Ra4 (67... Ra5 $142 )68. Kf3 (68. Rd5 $142 )Rb4 69. Rd5 Rb2 (69... Kh6 )70. Re5 (70. g4 $142 )Ra2 (70... Rb3+ $142 71. Re3 Rb6 )71. Re2 (71. g4 )Ra4 72. Re8 Ra2 73. Kg3 Rb2 (73... g5 )74. Ra8 Rc2 $1 75. Rb8 (75. h4 )Ra2 (75... g5 $142 )76. Rb6 (76. Rb5 )Rc2 (76... Ra3+ $142 77. f3 Ra5 )77. Rd6 (77. h4 $142 )Ra2 (77... g5 )78. Re6 (78. h4 $142 )Rb2 (78... g5 )79. Re4 ({White should try} 79. h4 )Ra2 ({Better is} 79... g5 )80. f4 Rb2 81. Kf3 Ra2 82. Re3 Rb2 83. Re7 Ra2 84. Re8 Rb2 85. Re6 Ra2 86. Re4 Rb2 87. Re1 Ra2 88. Re2 Ra3+ 89. Re3 Ra2 90. Re1 Rb2 91. Re2 Rb3+ 92. Kg4 Rb5 93. Rc2 Ra5 94. Rb2 Rc5 95. Rd2 Ra5 96. Re2 Rb5 $1 97. Re5 Rb2 98. Kg3 Rb3+ 99. Kh4 Rb4 100. Kg4 Rb2 $1 101. Kf3 Rb3+ 102. Re3 Rb2 $1 103. Re2 Rb3+ $1 104. Kg4 Rb5 $1 105. Kh4 Rh5+ 106. Kg3 Ra5 107. Re5 Ra2 108. Rc5 Rb2 109. Ra5 Rc2 110. Rb5 Ra2 111. Rc5 Rb2 $1 112. Rd5 Ra2 113. Rd3 Rb2 114. Ra3 Rc2 115. Rb3 Ra2 116. Rb8 Rc2 117. Rd8 Ra2 118. Rd3 Rb2 $1 119. Kf3 Ra2 120. Rc3 Rb2 121. Ra3 Rc2 122. Re3 Rb2 {[%emt 0:1:11] White really could win this.   Weighted Error Value: White=0.13 (very precise) /Black=0.13 (very precise)   Mistake:       	White=19    	Black=20     Inaccurate:     	White=2     	Black=5      OK:         	White=9     	Black=4      Strong:       	---       	Black=8} 1/2-1/2

[Event "88th Tata Steel Masters 2026"]
[White "Nguyen,Thai Dai Van"]
[Black "Fedoseev,Vladimir"]
[Site "Wijk aan Zee"]
[Round "7.1"]
[Annotator "TA"]
[Result "1/2-1/2"]
[Date "2026.01.24"]
[WhiteElo "2656"]
[BlackElo "2705"]
[PlyCount "128"]
[TimeControl "60"]

1. d4 Nf6 2. c4 e6 3. Nf3 d5 4. Nc3 Bb4 5. Qa4+ Nc6 6. e3 O-O 7. Qc2 {[%emt 0:0:0] is the new trend. D38: Queen's Gambit Declined: Ragozin Defence (4 Nf3 Bb4).} Re8 8. Bd2 Bf8 9. Be2 Nb4 10. Qb1 c5 11. dxc5 Bxc5 12. O-O Nc6 13. Rd1 Qe7 14. Qc2 $146 ({Predecessor:} 14. Be1 Rd8 15. a3 d4 16. exd4 Nxd4 17. Nxd4 Rxd4 18. b4 Rxd1 19. Qxd1 Bd6 20. Bf3 {1-0 Pashikian,A (2595)-Goganov,A (2527) Tsaghkadzor op 2022 (9)} )Bd7 15. Rac1 Bb6 16. Na4 Ba5 17. cxd5 exd5 18. Bxa5 Nxa5 19. Nc3 Rac8 20. Qd2 Bc6 21. Nd4 Qb4 (21... Red8 $142 )22. Ne4 Qxd2 23. Nxf6+ gxf6 24. Rxd2 Bd7 25. Rdc2 Nc6 26. Nb5 Red8 27. Rc5 a6 28. Nd4 Nxd4 29. exd4 Rb8 30. Rc7 Bf5 31. R1c3 {[%emt 0:1:34] White is much more active.} Rd6 32. Kf1 Re6 33. Rc8+ (33. Bf3 $16 Be4 34. g3 )Rxc8 $14 34. Rxc8+ {[%emt 0:0:31][%mdl 4096] Endgame KRB-KRB} Kg7 {[%emt 0:0:49][%cal Ye6e2] [#] And now ...Rxe2! would win.} 35. Rc5 (35. Rc1 $14 )Be4 (35... Rb6 $11 )36. f3 Bb1 37. a3 ({Of course not} 37. Rxd5 Bxa2 38. Ra5 Bb3 $11 )Ba2 38. Kf2 Bb3 (38... f5 $14 )39. Rc3 ({Better is} 39. Bd3 $16 )Rb6 $11 40. Ke3 f5 41. Kf4 Kf6 42. Rc5 Bc4 43. Bxc4 dxc4 44. Rxf5+ {[%emt 0:2:14] KR-KR. White is a pawn up.} Ke6 45. Rc5 Rxb2 46. Rxc4 Kd6 47. a4 b6 48. g4 Rxh2 49. Rb4 Kc6 50. Rc4+ Kd7 51. Rb4 Rh6 {[%emt 0:1:45] [#]} (51... Kc6 $11 )52. d5 $1 $16 b5 53. Ke5 bxa4 54. Rxa4 Rb6 {[%emt 0:0:22] Prevents Rb4} 55. g5 (55. Ra1 $16 )h6 56. Rf4 Ke7 57. gxh6 Rxh6 58. d6+ Rxd6 {[%emt 0:0:6] The position is equal.} 59. Rxf7+ Kxf7 60. Kxd6 $11 {[%emt 0:0:2] KP-KP} Kf6 61. Kc5 Kf5 62. Kb6 Kf4 63. Kxa6 Kg3 64. f4 Kxf4 {[%emt 0:0:3] Weighted Error Value: White=0.15 (very precise) /Black=0.14 (very precise)   Mistake:       	White=4     	Black=4      Inaccurate:     	White=2     	Black=4      OK:         	White=12    	Black=12     Best:        	White=1     	---        Strong:       	White=1     	---} 1/2-1/2

[Event "88th Tata Steel Masters 2026"]
[White "Praggnanandhaa R"]
[Black "Bluebaum,Matthias"]
[Site "Wijk aan Zee"]
[Round "7.2"]
[Annotator "TA"]
[Result "1/2-1/2"]
[Date "2026.01.24"]
[WhiteElo "2758"]
[BlackElo "2679"]
[PlyCount "65"]
[TimeControl "60"]

1. d4 d5 2. c4 e6 3. Nf3 Nf6 4. e3 b6 5. b3 Bb7 6. Bb2 Bd6 7. Bd3 O-O 8. O-O Nbd7 9. Nbd2 Ne4 10. Rc1 Qe7 {[%emt 0:0:0] E14: Queen's Indian: Classical Variation (4 e3).} 11. b4 Nxd2 12. Nxd2 dxc4 13. Nxc4 {[%emt 0:0:0] White sacrificed a pawn} Bxb4 14. a3 Bd6 15. Nxd6 cxd6 16. Rc7 Rab8 17. Qh5 {[%emt 0:16:55][%csl Gd3][%cal Rh5h7] [#]} h6 18. d5 $146 ({Predecessor:} 18. Qb5 Rfd8 19. e4 d5 20. e5 a6 21. Qb3 Rdc8 22. Rxc8+ Rxc8 23. a4 Qd8 24. f4 {½-½ Ramos,F (2195)-Sitorus,Y (2429) Afroasian-ch19 sf-C email 2019} )Qd8 19. dxe6 Qxc7 20. Qf5 g6 $1 21. exf7+ Rxf7 22. Qxg6+ Kf8 23. Rc1 Nc5 24. Bc4 {[%emt 0:4:10] Really sharp!} d5 25. Qxh6+ Ke7 26. Qg5+ {[%emt 0:1:20][%mdl 1024] White has compensation.} ({Wrong is} 26. Bxd5 $2 Bxd5 27. Qg5+ Ke6 28. Qg6+ Ke7 (28... Kd7 $2 29. Rd1 $19 )29. Qg5+ Ke8 30. Qxd5 Rd8 $19 )Kf8 27. Be5 (27. Bxd5 $2 {perishes.} Bxd5 28. Qxd5 Rd8 $19 )Qd8 28. Qh6+ Ke7 {[%emt 0:0:0] The position is equal.} 29. Be2 {[%emt 0:18:43] This pair of bishops is nice.} Rc8 30. Qg5+ Kf8 31. Qh6+ Ke7 {[%emt 0:0:0] [#] ...Ne4 is the strong threat.} 32. Qg5+ Kf8 (32... Ke8 $5 33. Qg8+ $8 Ke7 34. Qg5+ $11 )33. Qh6+ {[%emt 0:0:33] A balanced but interesting game.   Weighted Error Value: White=0.01 (flawless) /Black=0.02 (flawless)   OK:         	White=7     	Black=4      Best:        	---       	Black=2      Strong:       	---       	Black=1} 1/2-1/2

[Event "88th Tata Steel Masters 2026"]
[White "Keymer,Vincent"]
[Black "Abdusattorov,Nodirbek"]
[Site "Wijk aan Zee"]
[Round "7.3"]
[Annotator "TA"]
[Result "0-1"]
[Date "2026.01.24"]
[WhiteElo "2776"]
[BlackElo "2751"]
[PlyCount "82"]
[TimeControl "60"]

1. c4 c6 2. Nf3 d5 3. e3 Nf6 4. Nc3 e6 5. d4 Nbd7 6. Qc2 Bd6 7. g4 Nxg4 8. Rg1 Qf6 9. Rxg4 {[%emt 0:0:0] [#] and Be2 should not be overlooked D45: Semi-Slav: 5 e3.} Qxf3 10. Rxg7 {[%emt 0:0:0] A sharp opening} Nf6 11. Rg5 {[%emt 0:0:0] The position is equal. The main line 11.Rg5 scores better than 11.h3.} Qh1 12. f4 Bd7 13. Qf2 Ne4 14. Nxe4 Qxe4 15. Bd2 $146 (15. Bg2 $5 Qd3 $8 16. Bf1 $11 )({Predecessor:} 15. Bg2 Qd3 {½-½ Mannermaa,J (2501)-Vayser,V (2533) Baltic Sea tt8 B01 email 2008} )Be7 16. Rh5 Qg6 17. Qf3 Qc2 18. Qd1 Qg6 19. Ba5 {[%emt 0:4:58] [#]} ({White should play} 19. Bc3 $11 )e5 (19... b6 $1 $15 20. Bc3 e5 21. Rxe5 (21. fxe5 $2 Bg4 $19 )f6 22. Rxe7+ (22. Rh5 Bg4 $15 )Kxe7 23. Bb4+ Kf7 )20. Bd3 (20. dxe5 $2 Bg4 21. Be2 Qxh5 $19 (21... Bxh5 $2 22. Bxh5 Qg2 23. Qb3 $19 ))(20. Rxe5 $11 f6 21. Rxe7+ (21. Rh5 Bg4 $17 )Kxe7 22. Qb3 )Qg1+ 21. Kd2 Qxd1+ 22. Rxd1 Bg4 23. Rxe5 f6 24. Rxe7+ Kxe7 25. Rg1 Rag8 26. cxd5 cxd5 27. e4 Bd7 28. Bb4+ Kf7 29. Rg3 Rxg3 30. hxg3 dxe4 ({Better is} 30... Rg8 $19 31. Bc2 dxe4 (31... Rxg3 $2 32. Bb3 $19 )32. Bxe4 Rxg3 )31. Bxe4 $19 {[%emt 0:0:37][%mdl 4096] Endgame KRB-KB} f5 32. Bd5+ (32. Bf3 $17 )Be6 33. Bf3 (33. Bxb7 $2 {too greedy.} Rb8 34. d5 Bd7 $19 )Rd8 34. Kc3 (34. a3 $17 {was necessary.} )Bd5 35. Bxd5+ Rxd5 {[%emt 0:0:36] KR-KB} 36. a4 Ke6 37. Kd3 Rd8 38. b3 (38. Ke3 $142 )Kd5 {[%emt 0:0:36] Black is clearly winning.} 39. Be1 Rd6 40. a5 Rh6 41. Bf2 Rh1 {[%emt 0:20:42] Weighted Error Value: White=0.31/Black=0.09 (flawless)   Mistake:       	White=5     	Black=2      Inaccurate:     	White=2     	Black=1      OK:         	White=7     	Black=7      Best:        	---       	Black=1} 0-1

[Event "88th Tata Steel Masters 2026"]
[White "Gukesh D"]
[Black "Giri,Anish"]
[Site "Wijk aan Zee"]
[Round "7.4"]
[Annotator "TA"]
[Result "0-1"]
[Date "2026.01.24"]
[WhiteElo "2754"]
[BlackElo "2760"]
[PlyCount "74"]
[TimeControl "60"]

1. c4 e5 2. Nc3 Nf6 3. Nf3 Nc6 4. g3 d5 5. cxd5 Nxd5 6. Bg2 Bc5 {[%emt 0:0:0] A29: English Opening: Four Knights Variation with 4 g3.} 7. d3 O-O 8. Qb3 $146 ({Predecessor:} 8. O-O h6 9. Bd2 Nf6 10. Rc1 a5 11. Na4 Bd6 12. a3 Re8 13. Be3 Rb8 14. h3 Be6 15. Nc5 Bd5 16. Qa4 Qe7 {½-½ Nihal,S (2716)-Vidit,S (2708) Tata Steel India Blitz 2026 (16)} )Nde7 {[%emt 0:0:0] The position is equal.} 9. O-O h6 10. a3 Nd4 11. Nxd4 exd4 12. Ne4 Bb6 13. Qc2 a5 14. Bd2 a4 15. Bb4 Re8 16. Nc5 Bxc5 $1 17. Bxc5 Nf5 18. Be4 Ra6 19. e3 dxe3 20. fxe3 Qg5 21. Rf4 b6 22. Qc4 Ra7 $15 {[%emt 0:10:31] Dancing on a razor blade.} 23. Bb4 c5 {[%emt 0:2:35] [#]} 24. Qb5 Rae7 {[%emt 0:6:12] White must now prevent ...Nxg3.} 25. Bd2 Nd6 ({Black should try} 25... Nxg3 $17 26. hxg3 Rxe4 (26... Qxg3+ 27. Bg2 $16 )27. dxe4 Qxg3+ 28. Kh1 Rd8 )26. Qxb6 Nxe4 27. dxe4 Rxe4 28. Rxe4 Rxe4 29. Qc6 {[%emt 0:0:41][%csl Yc8,Ye4] Prevents Qd5.} Qg4 30. Qxc5 Rc4 {[%emt 0:1:52] Dodges Bc3} 31. Qd6 (31. Qd5 $17 {is tougher.} )Qe4 $19 {[%emt 0:1:52] [#] ( -> ...Bh3)} 32. Kf2 {[%emt 0:4:42] White is weak on the light squares} Bb7 33. Rf1 Rc6 34. Qd8+ Kh7 35. Bc3 {[%emt 0:1:58] Dodges Rf6+} Rxc3 36. bxc3 Qg2+ 37. Ke1 Ba6 {[%emt 0:0:32] Weighted Error Value: White=0.49/Black=0.25 (precise)   Loses game:     	White=1     	---        Mistake:       	White=1     	Black=1      Inaccurate:     	White=2     	---        OK:         	White=5     	Black=5      Best:        	---       	Black=1      Strong:       	---       	Black=1} 0-1

[Event "88th Tata Steel Masters 2026"]
[White "Sindarov,Javokhir"]
[Black "Niemann,Hans Moke"]
[Site "Wijk aan Zee"]
[Round "7.5"]
[Annotator "TA"]
[Result "1/2-1/2"]
[Date "2026.01.24"]
[WhiteElo "2726"]
[BlackElo "2725"]
[PlyCount "167"]
[TimeControl "60"]

1. e4 e5 2. Nf3 Nc6 3. Bb5 a6 4. Ba4 Nf6 5. O-O Be7 6. Re1 b5 7. Bb3 O-O 8. h3 Bb7 9. d3 d6 {[%emt 0:0:0] 9...d5 injects fresh life into this line. C88: Closed Ruy Lopez: Anti-Marshall Systems.} 10. Bd2 Qd7 11. a4 Nd8 12. axb5 axb5 13. Rxa8 Bxa8 14. Nc3 c5 15. Qb1 $146 ({Predecessor:} 15. Bg5 Ne6 16. Bxf6 Bxf6 17. Nd5 Bd8 18. Qa1 Bc6 19. Qa2 g6 20. Ra1 Kg7 21. Qa7 {½-½ Perez Candelario,M (2586)-Svane,R (2625) ESP-chT CECLUB Honor 2021 (2.4)} )Ne6 16. Bxe6 fxe6 17. b4 {[%emt 0:0:56] bxc5 would now be deadly.} cxb4 18. Qxb4 Bc6 19. Qb3 h6 {[%emt 0:20:59] Inhibits Ng5.} 20. Ra1 {[%emt 0:17:50] White plays on the queen side and is better White is more active.} Rb8 21. Be3 Bf8 22. Ra7 Qc8 23. Ne2 Bd7 24. Qa2 Rb7 25. Ra8 Rb8 26. Ra7 Rb7 27. Rxb7 Qxb7 28. Bd2 Ne8 29. g4 Nf6 {[%emt 0:2:29][%cal Yf6e4] [#] ...Nxe4! is the strong threat.} 30. Ng3 Bc8 31. Bb4 Qa6 32. Qb3 Bd7 33. Kg2 Qa8 34. Qc3 Qa7 35. Nh4 Kh7 {[%emt 0:2:58] Inhibits Ng6.} 36. Nf3 Kg8 37. Qb2 Qa8 38. Qb3 Qa4 39. Qb1 Bc6 40. Qb2 Bd7 41. Kf1 Be8 42. Qc3 Bd7 43. Ke2 Be8 44. Nd2 (44. Nf1 {keeps more tension.} d5 45. Bxf8 dxe4 46. Nxe5 Nd5 47. Qc5 )Bd7 45. Qb3 Qxb3 46. Nxb3 Kf7 47. f3 Ne8 48. h4 Nc7 49. Ba5 Na6 50. h5 d5 51. Nf1 Bd6 52. Be1 Nb4 53. Ne3 d4 54. Bxb4 (54. c3 $11 )Bxb4 $11 {[%emt 0:0:4][%mdl 4096] Endgame KBB-KNN} 55. Ng2 Bd6 56. Nh4 Kf6 57. Kf2 Kg5 58. Kg3 Be8 59. Ng2 g6 60. hxg6 Bxg6 61. Kh3 h5 62. Kg3 Be8 63. Kh3 Bb4 64. Kg3 Bf8 65. Kh3 Bh6 66. Kg3 Kf6 67. Kh4 Bg5+ 68. Kg3 Ke7 69. gxh5 (69. Kh3 $11 )Bxh5 $17 70. Kf2 Kd6 71. Ke2 Kc6 72. Ne1 Kb6 73. Ng2 b4 74. Nd2 Bxd2 (74... Kc5 $17 )75. Kxd2 $11 {[%emt 0:0:5] The position is equal.} Bxf3 $17 {[%emt 0:0:23] KB-KN. Black is a pawn up.} 76. Ne1 Bh5 77. Kc1 Kb5 78. Kb2 Ka4 79. Ng2 Bd1 80. Ne1 Kb5 81. Kb3 Kc5 82. Ng2 Kd6 83. Ne1 Kc5 84. Ng2 {[%emt 0:0:0] Weighted Error Value: White=0.09 (flawless) /Black=0.04 (flawless)   Mistake:       	White=2     	Black=1      Inaccurate:     	White=3     	Black=4      OK:         	White=18    	Black=17     Best:        	---       	Black=1} 1/2-1/2

[Event "88th Tata Steel Masters 2026"]
[White "Van Foreest,Jorden"]
[Black "Aravindh,Chithambaram VR."]
[Site "Wijk aan Zee"]
[Round "7.6"]
[Annotator "TA"]
[Result "1-0"]
[Date "2026.01.24"]
[WhiteElo "2703"]
[BlackElo "2700"]
[PlyCount "99"]
[TimeControl "60"]

1. Nf3 Nf6 2. c4 g6 3. Nc3 Bg7 4. e4 d6 5. d4 O-O 6. Be2 e5 7. O-O Na6 8. Be3 Bg4 {[%emt 0:0:0][%cal Yc8g4,Yg4d7,Yd7h3][%mdl 32] 8...Qe7 is a critical line. E94: King's Indian: Classical: 6 Be2 e5 7 0-0: Various Black 7th moves.} 9. d5 c5 10. a3 Bd7 {[%emt 0:2:39] White is better.} 11. Bg5 h6 $146 ({Predecessor:} 11... Nc7 12. b4 b6 13. Qc2 a5 14. b5 Bg4 15. h3 Bxf3 16. Bxf3 Qb8 17. Be2 Nd7 18. Be7 Re8 19. Bxd6 {1-0 Cavadas,J (1550)-Sousa,A (1151) Leiria op 5th 2017 (4)} )12. Bd2 Ne8 13. g3 Bh3 14. Re1 Kh7 15. Bd3 (15. Bf1 {simplifies} Bxf1 16. Rxf1 Nb8 17. Kg2 )Bg4 16. Kg2 Qd7 17. Qc2 Bxf3+ 18. Kxf3 Qh3 19. Bf1 {[%emt 0:4:58] Active counter play!} Qd7 (19... Qxh2 $142 20. Bd3 Qh5+ 21. Kg2 Qg4 )20. Kg2 $16 h5 21. Qc1 Nf6 22. Bd3 Ng8 23. Rf1 Rae8 24. Bc2 Re7 25. Qd1 Qd8 26. Rb1 Nc7 27. b4 Ne8 28. Bg5 f6 {[%emt 0:1:44] Black is weak on the light squares} 29. Be3 Bh6 30. f4 (30. bxc5 Bxe3 31. fxe3 dxc5 $11 )b6 {[%emt 0:0:48] White has space advantage and is better} 31. Qf3 Ng7 32. bxc5 bxc5 33. f5 Qe8 (33... Bxe3 $16 34. Qxe3 Nh6 )34. Bg1 Bd2 35. fxg6+ {[%emt 0:0:48][%csl Yf6] White attacks a weakness} Qxg6 36. Nb5 Ne8 {[%emt 0:8:36][%csl Yb5] Strong Square White (b5)} 37. Qe2 Bg5 38. Kh1 h4 39. gxh4 Bf4 (39... Bxh4 $16 {might work better.} 40. Nxd6 Nxd6 )40. Bf2 Nh6 41. Rg1 Qf7 42. Qf3 $36 {[%emt 0:1:56][%mdl 2048] White has strong initiative.} Rg8 43. Nc3 {[%emt 0:3:45][%cal Yb5c3,Yc3e2,Ye2g3,Yg3e4][%mdl 32] aiming for Ne2.} Rb7 44. Ne2 Rxb1 45. Rxb1 (45. Bxb1 Rxg1+ 46. Kxg1 Qg6+ 47. Kh1 Bd2 $16 )Bd2 46. Rd1 Ba5 47. Ng3 f5 48. exf5 ({Don't do} 48. Nxf5 Ng4 49. Rb1 Bd2 )Nf6 (48... Kh8 $142 49. Be3 Ng4 )49. Be3 $18 Rg4 50. Ne4 {[%emt 0:1:50] Weighted Error Value: White=0.10 (very precise) /Black=0.28 (precise)   Missed win:     	White=1     	---        Mistake:       	---       	Black=4      Inaccurate:     	---       	Black=4      OK:         	White=8     	Black=9      Best:        	White=1     	Black=1} 1-0

[Event "88th Tata Steel Masters 2026"]
[White "Erigaisi Arjun"]
[Black "Erdogmus,Yagiz Kaan"]
[Site "Wijk aan Zee"]
[Round "7.7"]
[Annotator "TA"]
[Result "0-1"]
[Date "2026.01.24"]
[WhiteElo "2775"]
[BlackElo "2658"]
[PlyCount "103"]
[TimeControl "60"]

1. c4 e5 2. g3 Nf6 3. Bg2 c6 4. Nf3 e4 5. Nd4 d5 6. d3 {[%emt 0:0:0] A20: English Opening: 1...e5.} Qb6 7. Nb3 Ng4 $146 ({Predecessor:} 7... dxc4 8. dxc4 Qb4+ 9. Nc3 Be7 10. O-O O-O 11. Qc2 Qxc4 12. Nd2 Qe6 13. Ndxe4 Nxe4 14. Bxe4 {½-½ Nihal,S (2610)-Inarkiev,E (2693) TUR-chT Konya 2019 (2.5)} )8. O-O {[%emt 0:0:0] White has an edge.} (8. dxe4 $2 Qxf2+ 9. Kd2 Qxg2 $19 )e3 (8... dxc4 $11 9. dxc4 Nd7 )9. f3 $14 Nf2 10. Qc2 Nh3+ 11. Bxh3 Bxh3 12. Rd1 d4 {[%emt 0:37:13] [#]} 13. c5 Qd8 14. Qc4 Na6 15. Qxd4 Qxd4 16. Nxd4 Bxc5 17. Bxe3 O-O-O 18. Nc2 Rhe8 19. Kf2 Nb4 20. Nba3 Rxe3 21. Nxe3 {[%emt 0:0:40] Strongly threatening Rac1.} Be6 {[%emt 0:2:30] A strong pair of Bishops.} 22. d4 Rxd4 23. Ke1 Rxd1+ 24. Nxd1 Nxa2 25. Kd2 b5 26. Nc2 a5 27. Nc3 Nxc3 28. bxc3 {[%emt 0:3:52][%mdl 4096] Endgame KRN-KB} a4 29. e4 Kc7 30. f4 g6 31. Nd4 (31. Rd1 $11 {should be considered.} )Bc4 (31... Bxd4 $1 $15 32. cxd4 Kb6 )32. e5 Be7 {[%emt 0:3:14][%mdl 1024] Black has compensation.} 33. g4 c5 34. Nc2 Kc6 35. Ne3 Bb3 36. f5 Bg5 37. Kd3 Bf4 38. Ke4 g5 (38... Bh6 $15 39. Kd3 Bf4 )39. h4 Bxe3 40. Kxe3 gxh4 $11 {[%emt 0:0:0] KR-KB} 41. Kd2 Bd5 42. Re1 $2 {[%emt 0:2:51] This costs White the game.} ({White should play} 42. g5 $15 )Kd7 $19 {[%emt 0:8:4] [#] Strongly threatening ...h3.} 43. Re3 (43. e6+ {was worth a try.} fxe6 44. fxe6+ Bxe6 45. Rh1 Bxg4 46. Rxh4 )a3 44. Kc1 (44. c4 $142 a2 45. Ra3 Bxc4 46. Kc1 )Bg2 45. e6+ Ke8 46. exf7+ Kxf7 47. Re6 b4 48. g5 b3 49. Rf6+ Kg8 50. Re6 b2+ 51. Kc2 h3 52. Kd3 {[%emt 0:0:15] Weighted Error Value: White=0.93/Black=0.09 (flawless)   Loses game:     	White=1     	---        Mistake:       	White=3     	Black=3      Inaccurate:     	White=4     	Black=3      OK:         	---       	Black=2      Best:        	White=1     	Black=1} 0-1